 Dungeon Crawl Stone Soup version 0.23-a0-565-g3e74e4c (webtiles) character file.

243 MisterFreud the Fighter (level 5, -6/53 HPs)
             Began as a Minotaur Abyssal Knight on Dec 13, 2018.
             Was a Follower of Lugonu.
             Splashed by Ijyb's acid (11 damage)
             ... on level 4 of the Dungeon.
             The game lasted 00:04:14 (2494 turns).

MisterFreud the Fighter (Minotaur Abyssal Knight)   Turns: 2494, Time: 00:04:15

Health: -6/53      AC:  4    Str: 17    XL:     5   Next: 82%
Magic:  5/5        EV: 10    Int:  9    God:    Lugonu [*.....]
Gold:   170        SH:  0    Dex: 10    Spells: 4/4 levels left

rFire    . . .     SeeInvis .   a - +2 falchion
rCold    + + .     Gourm    .   (no shield)
rNeg     . . .     Faith    .   t - +0 ring mail
rPois    .         Spirit   .   n - +2 hat
rElec    .         Reflect  .   (no cloak)
rCorr    .         Harm     .   (no gloves)
MR       .....                  s - +0 pair of boots
Stlth    ..........             (no amulet)
HPRegen  0.17/turn              f - ring of protection from cold
MPRegen  0.09/turn              i - ring of protection from cold

@: corroded
A: retaliatory headbutt, horns 2
a: Depart the Abyss, Renounce Religion


You were on level 4 of the Dungeon.
You worshipped Lugonu.
Lugonu was aware of your devotion.
You were not hungry.

You visited 1 branch of the dungeon, and saw 4 of its levels.
You visited the Abyss 1 time.

You collected 170 gold pieces.

Inventory:

Hand Weapons
 a - a +2 falchion (weapon)
Missiles
 q - 17 bolts
Armour
 n - a +2 hat (worn)
 s - a +0 pair of boots (worn)
 t - a +0 ring mail (worn)
Jewellery
 f - a ring of protection from cold (left hand)
 i - a ring of protection from cold (right hand)
Wands
 j - a wand of random effects (21)
Scrolls
 d - 8 scrolls of identify
 l - 3 scrolls of enchant armour
Potions
 b - a potion of resistance {unknown}
 g - a potion of brilliance
 m - a potion of curing
 p - a potion of lignification {unknown}
Comestibles
 c - 5 rations
 h - a chunk of flesh


   Skills:
 - Level 8.0 Fighting
 - Level 2.4 Long Blades
 - Level 2.4 Armour
 - Level 1.1 Dodging
 + Level 1.8 Invocations


You had 4 spell levels left.
You didn't know any spells.
Your spell library was empty.

Dungeon Overview and Level Annotations

Branches:
Dungeon (4/15)
 Temple: D:4-7

Altars:

Annotations:
D:4 Ijyb


Innate Abilities, Weirdness & Mutations

You reflexively headbutt those who attack you in melee.
You have a pair of horns on your head.


Message History

a +0 club; 2 poisoned tomahawks Unknown command.
Ijyb hits you but does no damage.
You hit Ijyb. Your headbutt misses Ijyb.
Ijyb is lightly wounded.
Ijyb hits you but does no damage.
You closely miss Ijyb.
Ijyb is lightly wounded.
Ijyb zaps a wand.
The bolt of acid hits you! The acid corrodes you!
You are splashed with acid!
The acid burns!
You are too injured to fight recklessly!
You are too injured to fight recklessly!
You are too injured to fight recklessly!
Okay, then.
You hit Ijyb.
Ijyb is heavily wounded.
Ijyb zaps a wand.
The bolt of acid hits you!
* * * LOW HITPOINT WARNING * * *
You are splashed with acid!
The acid burns!
You die...

.. ....### ..
.....#.####### .#
#......8.8.8.8
.##+#######.............
.##.....................
'##.....................
........................
.................g......
.........##.....@8.8.8.8
.##......#####..########
.##..<...##...).#
.#######+##..))## ....
.......(.# ......
.........# ......
.........# ######
##########


You could see Ijyb.

Vanquished Creatures
  A sky beast (D:3)
  A crimson imp (D:3)
  An orc wizard (D:3)
  A worker ant (D:3)
  An adder (D:2)
  2 worms (D:2)
  4 leopard geckos
  2 orcs (D:3)
  6 bats
  3 giant cockroaches
  10 goblins
  3 hobgoblins
  2 jackals (D:2)
  2 frilled lizards
  3 kobolds
  5 rats
47 creatures vanquished.

Notes
Turn   | Place    | Note
-------+----------+-------------------------------------------
     0 | Abyss:1  | MisterFreud the Minotaur Abyssal Knight began the quest for
                  | the Orb.
     0 | Abyss:1  | Reached XP level 1. HP: 19/19 MP: 1/1
    32 | Abyss:1  | Noticed a worldbinder
    33 | D:1      | Escaped the Abyss
   313 | D:1      | Reached skill level 4 in Fighting
   635 | D:1      | Reached XP level 2. HP: 27/28 MP: 2/2
   957 | D:2      | Reached * piety under Lugonu
   957 | D:2      | Reached skill level 5 in Fighting
   957 | D:2      | Reached XP level 3. HP: 21/36 MP: 3/3
  1558 | D:3      | Reached skill level 6 in Fighting
  1558 | D:3      | Reached XP level 4. HP: 16/44 MP: 4/4
  1650 | D:3      | Reached skill level 7 in Fighting
  1650 | D:3      | Reached XP level 5. HP: 21/52 MP: 5/5
  1755 | D:3      | Noticed a sky beast
  1765 | D:3      | Killed a sky beast
  2480 | D:4      | Reached skill level 8 in Fighting
  2489 | D:4      | Noticed Ijyb
  2494 | D:4      | Splashed by Ijyb's acid

Vault maps used:
D:1:      dpeg_arrival_stone_temple_mockup
D:2:      minmay_misc_feat_pillars
D:4:      kennysheep_the_goblin_king, first_ration,
          nicolae_ossuary_entry_monument

Skill      XL: |  1  2  3  4  5 |
---------------+----------------+-----
Fighting       | 4 5 6 7 8 |  8.0
Long Blades    | |  2.4
Armour         | |  2.4
Dodging        | |  1.1
Invocations    | |  1.8

Action                   |  1- 3 |  4- 6 || total
-------------------------+-------+-------++-------
Melee: Falchion          |    68 |    40 ||   108
       Headbutt          |     8 |     7 ||    15
Invok: Depart the Abyss  |     1 |       ||     1
  Use: Potion            |       |     1 ||     1
       Scroll            |       |     8 ||     8
  Eat: Chunk             |     2 |     3 ||     5
Armor: Leather armour    |    20 |    12 ||    32
       Ring mail         |       |    10 ||    10
Dodge: Dodged            |    43 |    17 ||    60
       Rpst.: Falchion   |    10 |     7 ||    17

Table legend:
 A = Non-vault XP
 B = Vault XP
 C = Vault XP percentage of total XP
 D = Non-vault monster count
 E = Vault monster count
 F = Vault count percentage of total count
                 A         B        C        D         E       F
            +---------+---------+-------+---------+---------+-------
      Total |     337 |      11 |   3.2 |      41 |       6 |  12.8
            +---------+---------+-------+---------+---------+-------
        D:1 |      15 |       0 |   0.0 |       8 |       0 |   0.0
        D:2 |      55 |       0 |   0.0 |      21 |       0 |   0.0
        D:3 |     267 |       0 |   0.0 |      12 |       0 |   0.0
        D:4 |       0 |      11 | 100.0 |       0 |       6 | 100.0
            +---------+---------+-------+---------+---------+-------
